 Dungeon Crawl Stone Soup version 0.19.0-2-gae57169 (webtiles) character file.

19327 taqueso the Bludgeoner (level 12, -1/189 HPs)
             Began as an Ogre Gladiator on Nov 2, 2016.
             Was a High Priest of Okawaru.
             Slain by Rupert
             ... wielding a +6 battleaxe of chopping
              (2 damage)
             ... on level 13 of the Dungeon.
             The game lasted 00:45:12 (19373 turns).

taqueso the Bludgeoner (Ogre Gladiator)            Turns: 19373, Time: 00:45:13

Health: -1/189     AC: 26    Str: 27    XL:     12   Next: 67%
Magic:  0/20       EV:  1    Int: 14    God:    Okawaru [*****.]
Gold:   125        SH:  0    Dex: 19    Spells: 2 memorised, 20 levels left

rFire  . . .     SeeInvis .     a - +2 giant spiked club
rCold  + . .     Gourm    .     (armour currently unavailable)
rNeg   + + +     Faith    .     (shield currently unavailable)
rPois  +         Spirit   +     (helmet currently unavailable)
rElec  .         Reflect  .     (cloak currently unavailable)
rCorr  .         Harm     .     (gloves unavailable)
MR     +....     NoTele   +     (boots unavailable)
Stlth  ++........               M - amulet of guardian spirit
                                V - ring "Roedghoaj" {rC+ rN+++ Str-3 Int+7}
                                T - +2 ring of strength

@: confused, mighty, agile, tree-form
A: unfitting armour, (tough skin 0)
a: Heroism, Finesse, Renounce Religion


You were on level 13 of the Dungeon.
You worshipped Okawaru.
Okawaru was extremely pleased with you.
You were not hungry.
You were a tree.
You visited 2 branches of the dungeon, and saw 14 of its levels.

You collected 755 gold pieces.
You spent 630 gold pieces at shops.

Inventory:

Hand Weapons
 a - a +2 giant spiked club (weapon)
 k - a +3 flail
 O - a +1 giant club
Missiles
 z - 5 curare-tipped needles
 A - 8 tomahawks
 B - 4 tomahawks of returning
 C - 5 steel javelins
 D - 9 javelins
 U - 21 stones
 Z - 11 large rocks (quivered)
Armour
 b - a +0 robe (melded)
 c - a +0 hat (melded)
 q - a +2 cloak of poison resistance (melded)
Jewellery
 n - an uncursed ring of ice
 o - an uncursed ring of flight
 M - an amulet of guardian spirit (around neck)
 T - a +2 ring of strength (left branch)
 V - the ring "Roedghoaj" (right branch) {rC+ rN+++ Str-3 Int+7}
   (You found it on level 5 of the Dungeon)

   [ring of protection from cold]

   It affects your strength (-3).
   It affects your intelligence (+7).
   It protects you from cold.
   It renders you almost immune to negative energy.
Wands
 d - a wand of lightning (8/15)
 i - a wand of confusion (20/48)
 v - a wand of flame (9/48)
 w - a wand of enslavement (5/24)
 H - a wand of confusion (26/48)
 P - a wand of lightning (6/15)
 Q - a wand of paralysis (6/24)
Scrolls
 h - 4 scrolls of fog
 j - 5 scrolls of magic mapping
 m - 3 scrolls of amnesia
 p - 2 scrolls of enchant armour
 s - 4 scrolls of remove curse
 E - 6 scrolls of teleportation
 R - 2 scrolls of recharging
Potions
 t - a potion of flight
 x - 2 potions of agility
 J - a potion of lignification
 K - 2 potions of curing
Books
 L - a book of Debilitation

   Spells                             Type                      Level
   a - Corona                         Hexes                        1
   b - Slow                           Hexes                        2
   c - Gell's Gravitas                Hexes/Translocation          3
   d - Inner Flame                    Hexes/Fire                   3
   e - Cause Fear                     Hexes                        4
   f - Leda's Liquefaction            Hexes/Earth                  4
 S - a Young Poisoner's Handbook

   Spells                             Type                      Level
   a - Sting                          Conjuration/Poison           1
   b - Mephitic Cloud                 Conjuration/Poison/Air       3
   c - Olgreb's Toxic Radiance        Poison                       4
   d - Alistair's Intoxication        Transmutation/Poison         5
   e - Venom Bolt                     Conjuration/Poison           5
 W - a book of Cantrips

   Spells                             Type                      Level
   a - Confusing Touch                Hexes                        1
   b - Animate Skeleton               Necromancy                   1
   c - Summon Small Mammal            Summoning                    1
   d - Apportation                    Translocation                1
Comestibles
 f - 10 bread rations
 r - 2 meat rations
 F - 26 fruits
 N - 3 beef jerkies


   Skills:
 - Level 9.9 Fighting
 - Level 18.0 Maces & Flails
 - Level 7.7 Throwing
 - Level 8.7 Dodging
 * Level 5.8 Spellcasting
 + Level 2.8 Hexes
 - Level 5.0 Invocations


You had 20 spell levels left.
You knew the following spells:

 Your Spells              Type           Power        Failure   Level  Hunger
a - Apportation           Tloc           #.........   21%         1    None
b - Corona                Hex            ##.....      6%          1    None


Dungeon Overview and Level Annotations

Branches:
Dungeon (13/15)            Temple (1/1) D:5            Lair (0/6) D:11
    Orc (0/2) D:9
 Vaults: D:13-14

Altars:
Ashenzari
Cheibriados
Dithmenos
Elyvilon
Fedhas
Gozag
Hepliaklqana
Kikubaaqudgha
Makhleb
Nemelex Xobeh
Okawaru
Qazlal
Ru
Sif Muna
Trog
Uskayaw
Vehumet
Xom
Yredelemnul
Zin
The Shining One

Shops:
D:5 *   D:7 =}([!   D:11 *

Annotations:
D:11 Urug
D:13 Rupert


Innate Abilities, Weirdness & Mutations

You are too large for most types of armour.
((You have tough skin. (AC +1)))


Message History

You hammer Rupert like a gong!!!
Rupert is heavily wounded.
Rupert hits you with a battleaxe of chopping!!
* * * LOW HITPOINT WARNING * * *
x2 You feel much better.
Rupert hits you with a battleaxe of chopping.
* * * LOW HITPOINT WARNING * * *
x2 You hit Rupert.
Rupert is heavily wounded.
Rupert completely misses you.
Rupert hits you with a battleaxe of chopping!
* * * LOW HITPOINT WARNING * * *
x2 You feel very mighty all of a sudden.
Rupert hits you with a battleaxe of chopping!
* * * LOW HITPOINT WARNING * * *
x2 You are confused.
You feel invigorated.
Rupert hits you with a battleaxe of chopping!
* * * LOW HITPOINT WARNING * * *
You die...

..########.......#
.........'.....#.##
##########....##..#
### #....##..# ..#
#....##..# #.#
#######KK## #Ko.#
#@#(## #♣#.K#
#.#.K.......
#.#o(.####.#
#...(.# #...((#
#.....( #.#+##..
#.# (.


You could see Rupert (berserk), an orc and 3 kobolds.

Vanquished Creatures
  Erolcha (D:9)
  Pikel (D:8)
  4 ugly things
  2 cyclopes
  2 manticores (D:12)
  An elephant (D:11)
  2 gargoyles (D:12)
  A komodo dragon (D:12)
  2 trolls
  A hippogriff (D:12)
  Sigmund (D:3)
  3 wraiths
  The ghost of olma the Cudgeler, an amateur MiBe of Trog (D:3)
  A wyvern (D:11)
  8 yaks
  A hungry ghost (D:9)
  Grum (D:8)
  2 water moccasins
  Duvessa (D:7)
  3 phantoms
  5 orc warriors
  2 slaves (D:8)
  A sky beast (D:11)
  2 ice beasts
  2 black bears
  4 ogres
  2 necrophages
  5 centaurs
  2 wolves (D:8)
  2 crocodiles (D:11)
  4 big kobolds
  A wyvern zombie (D:10)
  5 bullfrogs
  4 scorpions
  Dowan (D:7)
  13 killer bees
  3 howler monkeys
  6 crimson imps
  A bullfrog zombie (D:12)
  A centaur zombie (D:11)
  2 quasits (D:7)
  5 hounds
  A jelly (D:9)
  2 bullfrog skeletons
  8 orc priests
  11 orc wizards
  A gnoll shaman (D:9)
  3 iguanas
  7 worker ants
  Natasha (thrice) (D:3)
  4 hound zombies
  A howler monkey zombie (D:9)
  13 gnolls
  10 adders
  8 shadow imps
  2 oozes
  2 worms (D:2)
  2 dart slugs
  5 leopard geckos
  62 orcs
  5 giant cockroaches
  8 hobgoblins
  12 jackals
  16 kobolds
  2 quokkas
  A ball python (D:3)
  10 bats
  6 frilled lizards
  5 goblins
  A jackal zombie (D:3)
  A leopard gecko skeleton (D:4)
  A quokka skeleton (D:7)
  A quokka zombie (D:8)
  2 rats
328 creatures vanquished.

Vanquished Creatures (others)
  A slave (D:8)
  An orc priest (D:8)
  An orc wizard (D:8)
  An adder (D:8)
  2 orcs (D:8)
6 creatures vanquished.

Grand Total: 334 creatures vanquished

Notes
Turn   | Place    | Note
-------+----------+-------------------------------------------
     0 | D:1      | taqueso the Ogre Gladiator began the quest for the Orb.
     0 | D:1      | Reached XP level 1. HP: 22/22 MP: 1/1
   127 | D:1      | Reached XP level 2. HP: 26/29 MP: 2/2
   249 | D:1      | Reached skill level 5 in Maces & Flails
   820 | D:2      | Reached XP level 3. HP: 36/36 MP: 3/3
  1477 | D:2      | Reached skill level 6 in Maces & Flails
  1933 | D:3      | Noticed Sigmund
  1959 | D:3      | Killed Sigmund
  1959 | D:3      | Reached skill level 8 in Maces & Flails
  1959 | D:3      | Reached XP level 4. HP: 33/44 MP: 4/4
  1959 | D:3      | Reached XP level 5. HP: 38/50 MP: 5/5
  2006 | D:3      | Noticed olma's ghost (amateur MiBe)
  2013 | D:3      | Gained mutation: You are clumsy. (Dex -2) [potion of mutation]
  2013 | D:3      | Gained mutation: Your mind is acute. (Int +2) [potion of mutation]
  2013 | D:3      | Gained mutation: Your body sometimes deteriorates upon taking damage. [potion of mutation]
  2032 | D:3      | Killed olma's ghost
  2032 | D:3      | Reached skill level 9 in Maces & Flails
  2032 | D:3      | Reached XP level 6. HP: 15/61 MP: 0/6
  2380 | D:3      | Found a faded altar of an unknown god.
  2418 | D:3      | Noticed Natasha
  2429 | D:3      | Killed Natasha
  2531 | D:3      | Noticed Natasha
  2536 | D:3      | Killed Natasha
  2620 | D:3      | Reached XP level 7. HP: 35/68 MP: 7/7
  3622 | D:3      | Noticed Natasha
  3630 | D:3      | Killed Natasha
  4926 | D:4      | Reached skill level 10 in Maces & Flails
  5475 | D:4      | Found a bloodstained altar of Trog.
  5475 | D:4      | Found a stormy altar of Qazlal.
  5476 | D:4      | Found a hide-covered altar of Uskayaw.
  5565 | D:5      | Entered Level 5 of the Dungeon
  5568 | D:5      | Found Eggih's Assorted Antiques.
  5576 | D:5      | Bought a pearl ring for 155 gold pieces
  5629 | D:5      | Reached skill level 5 in Fighting
  6244 | D:5      | Found a blossoming altar of Fedhas.
  6262 | D:5      | Reached XP level 8. HP: 77/80 MP: 8/8
  6292 | D:5      | Gained mutation: You tend to lose your temper in combat. [potion of mutation]
  6292 | D:5      | Lost mutation: You are clumsy. (Dex -2) [potion of mutation]
  6514 | D:5      | HP: 1/81 [orc/wand of flame (8)]
  6887 | D:5      | Found a staircase to the Ecumenical Temple.
  6943 | D:5      | Got a coiled wooden ring
  6992 | Temple   | Entered the Ecumenical Temple
  7016 | Temple   | Upgraded the game from 0.19.0 to 0.19.0-2-gae57169
  7382 | Temple   | Became a worshipper of Warmaster Okawaru
  7742 | D:6      | Reached skill level 11 in Maces & Flails
  7748 | D:6      | Found a hazy altar of Hepliaklqana.
  7868 | D:6      | Found an opulent altar of Gozag.
  8651 | D:6      | Reached * piety under Okawaru
  9364 | D:6      | Reached skill level 5 in Dodging
  9542 | D:7      | Identified the ring "Roedghoaj" {rC+ rN+++ Str-3 Int+7} (You found it on level 5 of the Dungeon)
  9687 | D:7      | Found Enuar's Distillery.
  9691 | D:7      | Reached skill level 17 in Maces & Flails
  9691 | D:7      | Reached XP level 9. HP: 92/92 MP: 9/9
  9692 | D:7      | Reached XP level 10. HP: 107/107 MP: 10/10
  9700 | D:7      | Bought a potion of lignification for 33 gold pieces
  9700 | D:7      | Bought a potion of degeneration for 11 gold pieces
  9700 | D:7      | Bought a potion of curing for 33 gold pieces
  9700 | D:7      | Bought a potion of heal wounds for 55 gold pieces
  9705 | D:7      | Found Dosaampo's Armour Shop.
  9715 | D:7      | Noticed Dowan
  9716 | D:7      | Noticed Duvessa
  9735 | D:7      | Killed Dowan
  9735 | D:7      | Reached XP level 11. HP: 60/115 MP: 4/11
  9747 | D:7      | Killed Duvessa
 10051 | D:7      | Found Pocwathy's Gadget Shop.
 10096 | D:7      | Reached ** piety under Okawaru
 10260 | D:7      | Learned a level 1 spell: Apportation
 10740 | D:7      | Found Zixzio Bury's Weapon Boutique.
 10855 | D:7      | Found Fan Piod's Jewellery Shoppe.
 10906 | D:8      | Reached skill level 18 in Maces & Flails
 10958 | D:8      | Found a snail-covered altar of Cheibriados.
 11147 | D:8      | Found a burning altar of Makhleb.
 11191 | D:8      | Reached skill level 1 in Invocations
 11289 | D:8      | Noticed Pikel
 11312 | D:8      | Killed Pikel
 11312 | D:8      | Reached *** piety under Okawaru
 11526 | D:8      | Noticed Grum
 11543 | D:8      | Killed Grum
 12816 | D:9      | Reached skill level 5 in Invocations
 12820 | D:9      | Found a radiant altar of Vehumet.
 12862 | D:9      | Noticed a cyclops
 12877 | D:9      | Killed a cyclops
 13024 | D:9      | Reached **** piety under Okawaru
 13833 | D:9      | Found a staircase to the Orcish Mines.
 13924 | D:9      | Lost mutation: Your mind is acute. (Int +2) [potion of cure mutation]
 13924 | D:9      | Lost mutation: Your body sometimes deteriorates upon taking damage. [potion of cure mutation]
 13924 | D:9      | Lost mutation: You tend to lose your temper in combat. [potion of cure mutation]
 13992 | D:9      | Noticed Erolcha
 14001 | D:9      | Killed Erolcha
 14001 | D:9      | Reached skill level 5 in Throwing
 14551 | D:10     | Entered Level 10 of the Dungeon
 15069 | D:10     | Reached XP level 12. HP: 113/126 MP: 13/15
 15944 | D:11     | Found a staircase to the Lair.
 16153 | D:11     | Reached ***** piety under Okawaru
 16277 | D:11     | Found Xippiucs's General Store.
 16281 | D:11     | Bought a potion of curing for 48 gold pieces
 16281 | D:11     | Bought a scroll of torment for 120 gold pieces
 16462 | D:7      | Bought a +1 cloak of poison resistance for 175 gold pieces
 17504 | D:11     | Noticed Urug
 17508 | D:11     | Learned a level 1 spell: Corona
 17759 | D:11     | Reached skill level 1 in Spellcasting
 17804 | D:12     | Received a gift from Okawaru
 17912 | D:12     | Reached skill level 1 in Hexes
 18246 | D:12     | Received a gift from Okawaru
 19071 | D:12     | Reached skill level 5 in Spellcasting
 19214 | D:12     | Received a gift from Okawaru
 19351 | D:13     | Noticed Rupert
 19372 | D:13     | HP: 9/189 [Rupert/battleaxe of chopping (2)]
 19373 | D:13     | HP: 1/189 [Rupert/battleaxe of chopping (11)]
 19373 | D:13     | Slain by Rupert

Skill      XL: |  1  2  3  4  5  6  7  8  9 10 11 12 |
---------------+-------------------------------------+-----
Maces & Flails | 5 8 9 10 17 18 | 18.0
Fighting       | 3 5 6 9 |  9.9
Dodging        | 3 5 8 |  8.7
Invocations    | 5 |  5.0
Throwing       | 6 7 |  7.7
Spellcasting   | 5 |  5.8
Hexes          | 2 |  2.8

Action                   |  1- 3 |  4- 6 |  7- 9 | 10-12 || total
-------------------------+-------+-------+-------+-------++-------
Melee: Flail             |    93 |    57 |   255 |     9 ||   414
       Giant club        |       |       |     4 |   509 ||   513
       Giant spiked club |       |       |       |    20 ||    20
Throw: Stone             |    83 |    29 |   273 |   327 ||   712
       Tomahawk          |       |       |       |   102 ||   102
       Large rock        |       |       |       |    11 ||    11
       Javelin           |       |       |       |     4 ||     4
Invok: Heroism           |       |       |       |     1 ||     1
  Use: Scroll            |     5 |       |     2 |    20 ||    27
       Potion            |     1 |     4 |     8 |    15 ||    28
 Stab: Invisible         |     1 |       |       |       ||     1
  Eat: Chunk             |     3 |       |    10 |    31 ||    44
       Meat ration       |       |     1 |     1 |       ||     2
       Bread ration      |       |       |     1 |       ||     1
       Fruit             |       |       |       |     1 ||     1
Armor: Robe              |    36 |     3 |    32 |    57 ||   128
       Skin              |       |       |       |    95 ||    95
Dodge: Dodged            |    64 |    34 |   113 |   292 ||   503
